 Dungeon Crawl Stone Soup version 0.30-a0-634-g8abc85282e (webtiles) character file.

Game seed: 17018360451326934594

4402 Dirtsage the Transmogrifier (level 10, -8/75 HPs)
             Began as an Octopode Transmuter on Jan 14, 2023.
             Was an Initiate of Gozag.
             Killed by vampiric draining
             ... invoked by a vampire
              (14 damage)
             ... on level 9 of the Dungeon.
             The game lasted 00:17:25 (8956 turns).

Dirtsage the Transmogrifier (Octopode Transmuter)   Turns: 8956, Time: 00:17:26

Health: -8/75      AC:  9    Str: 10    XL:     10   Next: 35%
Magic:  9/13       EV: 11    Int: 20    God:    Gozag
Gold:   1012       SH:  0    Dex: 12    Spells: 6/13 levels left

rFire   . . .      SeeInvis +      - Unarmed
rCold   + + .      Faith    .    (shield currently unavailable)
rNeg    . . .      Spirit   .    (helmet currently unavailable)
rPois   +          Reflect  .    (no amulet)
rElec   .          Harm     .    S - ring of see invisible
rCorr   .          Rampage  .    v - ring of fire
Will    .....                    (no ring)
Stlth   +                        (no ring)
HPRegen 0.32/turn                (no ring)
MPRegen 0.13/turn                (no ring)
                                 (no ring)
                                 (no ring)

@: ice-form, wereblooded, gold aura
A: freezing attack, boosted hp, almost no armour, amphibious, 8 rings, large,
(camouflage 2), (gelatinous body 1), (nimble swimmer 1), (tentacles), sense
surroundings 1
a: End Transformation, Renounce Religion, Potion Petition, Call Merchant, Bribe
Branch


You were on level 9 of the Dungeon.
You worshipped Gozag.
Gozag was most pleased with you.
You were a creature of crystalline ice.
You visited 2 branches of the dungeon, and saw 10 of its levels.

You collected 1208 gold pieces.
You spent 161 gold pieces at shops.
You paid 35 gold pieces to Gozag.

Inventory:

Jewellery
 v - a ring of fire (right front paw)
 S - a ring of see invisible (left front paw)
Wands
 i - a wand of mindburst (7)
 A - a wand of quicksilver (5)
 B - a wand of flame (13)
Scrolls
 e - a scroll of fog
 g - 4 scrolls of fear
 j - a scroll of enchant armour
 m - 2 scrolls of noise
 n - 2 scrolls of torment
 o - 4 scrolls of magic mapping
 p - a scroll of amnesia
 r - a scroll of brand weapon
 t - 3 scrolls of teleportation
 y - a scroll of immolation
Potions
 a - 5 potions of lignification
 b - a potion of cancellation
 c - 4 potions of attraction {unknown}
 d - 3 potions of might
 f - 2 potions of heal wounds {unknown}
 h - a potion of ambrosia
 k - a potion of berserk rage {unknown}
 l - 2 potions of resistance {unknown}
 q - 2 potions of curing
 s - 2 potions of flight {unknown}
 u - 2 potions of haste {unknown}
 w - a potion of magic
 x - a potion of invisibility {unknown}
 z - 3 potions of degeneration {unknown}
 C - a potion of mutation


   Skills:
 + Level 3.9 Fighting
 + Level 4.3 Dodging
 * Level 6.5 Unarmed Combat
 - Level 2.0 Spellcasting
 - Level 8.0 Transmutations
 - Level 8.0 Ice Magic
 * Level 5.3 Earth Magic


You had 6 spell levels left.
You knew the following spells:

 Your Spells              Type           Power      Damage    Failure   Level
a - Ice Form              Ice/Tmut       34%        N/A       6%          4
b - Wereblood             Tmut           34%        N/A       1%          2
c - Beastly Appendage     Tmut           68%        N/A       1%          1

Your spell library contained the following spells:

 Spells                   Type           Power      Damage    Failure   Level
 Spider Form              Tmut/Pois      18%        N/A       9%          3
 Petrify                  Tmut/Erth      28%        N/A       10%         4
 Apportation              Tloc           4%         N/A       16%         1
 Vhi's Electric Charge    Tloc/Air       4%         N/A       43%         3
 Alistair's Intoxication  Tmut/Pois      12%        N/A       63%         5
 Metabolic Englaciation   Hex/Ice        9%         N/A       63%         5
 Statue Form              Tmut/Erth      18%        N/A       83%         6
 Arcjolt                  Conj/Air       1%         1d11      99%         5
 Maxwell's Capacitive Co  Air            1%         ∞         100%        8


Dungeon Overview and Level Annotations

Branches:
Dungeon (9/15)             Temple (1/1) D:4
   Lair: D:8-11         Orc: D:9-12

Altars:
Ashenzari
Dithmenos
Elyvilon
Fedhas
Gozag
Kikubaaqudgha
Makhleb
Nemelex Xobeh
Trog
Uskayaw
Vehumet
Wu Jian
Xom
Yredelemnul
Zin
The Shining One

Shops:
D:3 *   D:6 ?

Annotations:
D:4 2 transporters, DEFE's ghost, amateur DsWn


Innate Abilities, Weirdness & Mutations

You are a creature of crystalline ice.
You have a powerful freezing melee attack.
Your maximum health is increased.
Your armour is entirely melded.
You are incapable of wielding weapons or throwing items.
You cannot wear most types of armour.
You are amphibious.
You can wear up to eight rings at the same time.
((Your skin blends seamlessly with your surroundings (Stealth++).))
((Your rubbery body absorbs attacks. (AC +1, EV +1)))
((You are camouflaged when in or above water. (Stealth+)))
((You have tentacles for arms and can constrict up to eight enemies at once.))
You passively map a small area around you.


Message History

The vampire gestures wildly while chanting.
The vampire flickers and vanishes for a moment.
You barely miss the vampire. The vampire hits you.
The vampire barely misses you.
You take 5 damage, and have 57/75 hp.
You barely miss the vampire. The vampire casts a spell at you.
You resist with some effort.
You hit the vampire but do no damage.
A kobold brigand comes into view.
It is wielding a +0 short sword and quivering poisoned darts.
The vampire hits you. The vampire bites you!
The vampire draws strength from your injuries!
You take 12 damage, and have 45/75 hp.
You hit the vampire but do no damage. The vampire barely misses you.
The vampire bites you.
The vampire draws strength from your injuries!
You take 5 damage, and have 40/75 hp.
You hit the vampire.
The vampire is lightly damaged.
Unknown command.
You punch the vampire! You freeze the vampire.
The vampire is heavily damaged.
You warm up again.
The kobold brigand throws a poisoned dart.
The poisoned dart hits the vampire!
The vampire draws life force from you!
The vampire is healed by the life force!
You now have 20/63 hp.
You tentacle-slap the vampire. Your grab misses the vampire.
The vampire is heavily damaged.
The vampire hits you!
* * * LOW HITPOINT WARNING * * *
The vampire closely misses you.
You take 15 damage, and have 5/63 hp.
MASSIVE DAMAGE!!
Casting: Wereblood (safe; 1% risk of failure)
Confirm with . or Enter, or press ? or * to list all spells.
You turn into a creature of crystalline ice.
The kobold brigand throws a poisoned dart.
The poisoned dart hits the vampire!
The vampire draws life force from you!
You die...
Your body crumbles into a pile of gold.

######
#........#..#...# ,
*
*,...#.<...#..##.##
* *
##.#...>>#.....# ~
~~#...$.#.....# ,
**#....y...#####.#*
$ $#....###.# <# $
#.y.. #$# ** # ....
#$# * ,y.##* #Y#
Y.*$ #V# ,, ~ , $
#K# , * * #.#** , *
..FD~.....#,
....~!....# , * ,
####~....... , ,
$,#~.....##.
#~.....# .. ,


You could see a vampire (invisible) and a kobold brigand.

Vanquished Creatures
  Pikel (D:7)
  A kobold demonologist (D:8)
  Sigmund (D:3)
  A shadow (D:9)
  A wyvern (D:9)
  A human (D:8)
  2 steam dragons
  An acid dragon (D:9)
  4 water moccasins
  The ghost of Crownlay the Digger, an amateur GrEE (D:3)
  2 ice beasts
  2 ogres (D:5)
  A centaur (D:8)
  3 lemures (D:7)
  2 kobold brigands
  A phantom (D:5)
  A scorpion (D:4)
  5 killer bees
  3 howler monkeys (D:9)
  An electric eel (D:7)
  4 hounds (D:5)
  A gnoll bouda (D:7)
  7 orc priests
  A human skeleton (D:8)
  5 iguanas
  3 iron imps (D:8)
  Jessica (D:2)
  Natasha (twice) (D:3)
  8 orc wizards
  8 gnolls
  7 adders
  A white imp (D:5)
  An ufetubus (D:7)
  3 dart slugs
  21 orcs
  4 ball pythons
  4 bats
  9 endoplasms
  A giant cockroach (D:2)
  5 goblins
  8 hobgoblins
  5 jackals
  9 kobolds
  3 quokkas
  5 frilled lizards
  7 rats
168 creatures vanquished.

Vanquished Creatures (others)
  4 plants
4 creatures vanquished.

Grand Total: 172 creatures vanquished

Notes
Turn   | Place    | Note
-------+----------+-------------------------------------------
     0 | D:1      | Dirtsage the Octopode Transmuter began the quest for the
                  | Orb.
     0 | D:1      | Reached XP level 1. HP: 13/13 MP: 3/3
   141 | D:1      | Reached skill level 1 in Ice Magic
   141 | D:1      | Reached XP level 2. HP: 13/18 MP: 5/5
   640 | D:1      | Reached XP level 3. HP: 23/23 MP: 4/6
   768 | D:2      | Learned a level 2 spell: Wereblood
   868 | D:2      | Identified the +3 spear of Omnysch {holy, rElec Stlth+}
   916 | D:2      | Found a faded altar of an unknown god.
  1111 | D:2      | Noticed Jessica
  1120 | D:2      | Killed Jessica
  1121 | D:2      | Reached XP level 4. HP: 28/28 MP: 4/7
  1381 | D:3      | Found Heakox's Assorted Antiques.
  1390 | D:3      | Bought a scroll of identify for 46 gold pieces
  1481 | D:3      | Learned a level 4 spell: Ice Form
  1489 | D:3      | Found a runed translucent gate.
  1571 | D:3      | Found a runed translucent gate.
  1571 | D:3      | Found a runed translucent gate.
  1571 | D:3      | Found an opulent altar of Gozag.
  1573 | D:3      | Noticed Crownlay's ghost (amateur GrEE)
  1596 | D:3      | Killed Crownlay's ghost
  1597 | D:3      | Reached XP level 5. HP: 33/33 MP: 3/8
  1676 | D:3      | Became a worshipper of Gozag Ym Sagoz the Greedy
  1701 | D:3      | Noticed Sigmund
  1704 | D:3      | Gained mutation: You occasionally lose the ability to read
                  | scrolls when taking damage. [potion of mutation]
  1704 | D:3      | Gained mutation: Your mind is acute. (Int +4, Str/Dex -1)
                  | [potion of mutation]
  1704 | D:3      | Gained mutation: You are covered in fur. (AC +1) [potion of
                  | mutation]
  1709 | D:3      | Killed Sigmund
  1710 | D:3      | Reached skill level 5 in Transmutations
  1710 | D:3      | Reached XP level 6. HP: 36/38 MP: 7/9
  1736 | D:3      | Lost mutation: You are covered in fur. (AC +1) [potion of
                  | mutation]
  1736 | D:3      | Lost mutation: Your mind is acute. (Int +4, Str/Dex -1)
                  | [potion of mutation]
  1736 | D:3      | Lost mutation: You occasionally lose the ability to read
                  | scrolls when taking damage. [potion of mutation]
  1736 | D:3      | Gained mutation: You are frail. (-10% HP) [potion of
                  | mutation]
  1737 | D:3      | Lost mutation: You are frail. (-10% HP) [potion of
                  | mutation]
  1737 | D:3      | Gained mutation: You passively map a small area around you.
                  | [potion of mutation]
  1737 | D:3      | Gained mutation: Your skin blends seamlessly with your
                  | surroundings (Stealth++). [potion of mutation]
  1771 | D:3      | Found a glowing silver altar of Zin.
  1828 | D:3      | Noticed Natasha
  1837 | D:3      | Killed Natasha
  2220 | D:3      | Found a shimmering altar of Xom.
  2276 | D:3      | Noticed Natasha
  2285 | D:3      | Killed Natasha
  2286 | D:3      | Reached XP level 7. HP: 15/43 MP: 10/10
  2335 | D:3      | Bought a golden ring for 115 gold pieces
  2491 | D:4      | Reached skill level 5 in Ice Magic
  2743 | D:4      | Found a transporter.
  2747 | D:4      | Found a transporter.
  2747 | D:4      | Noticed DEFE's ghost (amateur DsWn)
  2791 | D:4      | Found a staircase to the Ecumenical Temple.
  2917 | D:4      | Found a shadowy altar of Dithmenos.
  2934 | Temple   | Entered the Ecumenical Temple
  3243 | D:4      | Found a sparkling altar of Nemelex Xobeh.
  3364 | D:5      | Entered Level 5 of the Dungeon
  3497 | D:5      | Reached XP level 8. HP: 41/48 MP: 8/11
  3971 | D:5      | Found a glowing golden altar of the Shining One.
  5419 | D:6      | Found Vulaid's Magic Scroll Shoppe.
  5591 | D:6      | Reached skill level 1 in Earth Magic
  5591 | D:6      | Reached XP level 9. HP: 53/53 MP: 7/12
  6394 | D:7      | Found a blossoming altar of Fedhas.
  6422 | D:7      | Found a broken altar of Ashenzari.
  6489 | D:7      | Found an ornate altar of the Wu Jian Council.
  6543 | D:7      | Noticed Pikel
  7338 | D:7      | Found a white marble altar of Elyvilon.
  7409 | D:7      | Killed Pikel
  7562 | D:8      | Found a burning altar of Makhleb.
  7665 | D:8      | Found a bloodstained altar of Trog.
  7736 | D:8      | Reached skill level 5 in Unarmed Combat
  7742 | D:8      | HP: 3/66 [poisoned by a water moccasin]
  8245 | D:8      | Found a runed translucent door.
  8254 | D:8      | Found a basalt altar of Yredelemnul.
  8509 | D:8      | Reached XP level 10. HP: 63/63 MP: 6/13
  8678 | D:8      | Noticed a kobold demonologist
  8687 | D:8      | Killed a kobold demonologist
  8861 | D:9      | Found a radiant altar of Vehumet.
  8902 | D:9      | Reached skill level 5 in Earth Magic
  8956 | D:9      | Killed from afar by a vampire

Illustrated notes

Levels and vault maps discovered:
D:1:      psy_arrival_spokes, layout_basic, minmay_pentomino_z4
D:2:      layout_basic, hellmonk_ecumenical_altar_lost_god,
          kennysheep_big_empty_room, kennysheep_jessica_study
D:3:      layout_loops_ring, marbit_many_paths, zin_academy,
          ebering_ghost_gozag, serial_shops, nicolae_diamond_shop, uniq_natasha,
          uniq_sigmund
D:4:      layout_basic, kennysheep_mini_moat, mainiacjoe_overflow_boulevard,
          minmay_temple_entry_statues_pillars, gammafunk_ghost_arena,
          kennysheep_generic_room_14
D:5:      layout_cave_pools, tso_oasis_becter
D:6:      layout_layer_cave, serial_shops, nicolae_shop_statue_plus
D:7:      layout_basic, nicolae_elyvilon_temple_path, nzn_wu_jian_council_hall,
          general_overflow_altar, nicolae_ashenzari_skybound, hex_medium,
          uniq_pikel
D:8:      layout_rooms, demons_altar, trog_book, dk_yredelemnul_ordeal,
          hangedman_decor_diamond_cutter
D:9:      cheibrodos_ideogram_h, layout_rooms, nicolae_overflow_crystal_walls,
          mainiacjoe_overflow_tiny_flanked, minmay_hedge_maze
Temple:   nicolae_temple_bog_church

Skill      XL: |  1  2  3  4  5  6  7  8  9 10 |
---------------+-------------------------------+-----
Ice Magic      | 1 2 3 4 6 7 8 |  8.0
Transmutations | 3 4 5 6 8 |  8.0
Earth Magic    | 1 4 5 |  5.3
Unarmed Combat | 5 6 |  6.5
Fighting       | 3 |  3.9
Dodging        | 3 4 |  4.3
Spellcasting   | |  2.0

Action                   |  1- 3 |  4- 6 |  7- 9 | 10-12 || total
-------------------------+-------+-------+-------+-------++-------
Melee: Unarmed           |    67 |    57 |   327 |    56 ||   507
       Constrict         |    14 |    14 |    15 |       ||    43
       Tentacles         |    11 |    12 |    17 |       ||    40
       Kick              |     8 |    12 |     6 |       ||    26
       Punch             |     3 |     1 |     3 |       ||     7
 Cast: Beastly Appendage |     6 |     5 |     4 |       ||    15
       Wereblood         |     1 |     2 |     7 |     2 ||    12
       Ice Form          |       |     1 |    34 |     4 ||    39
Evoke: Wand              |       |       |     4 |       ||     4
  Use: Scroll            |     2 |     5 |     8 |       ||    15
       Potion            |       |     5 |     1 |       ||     6
 Stab: Sleeping          |     8 |     7 |     2 |       ||    17
Armor: Skin              |     4 |    16 |    94 |    12 ||   126
Dodge: Dodged            |    30 |    23 |   149 |    27 ||   229

Table legend: (Time is in decaauts)
 A = Elapsed time spent in this place.
 B = Non-inter-level travel time spent in this place.
 C = Inter-level travel time spent in this place.
 D = Time resting spent in this place.
 E = Time spent auto-exploring this place.
 F = Levels seen in this place.
 G = Mean time per level.
                   A        B        C        D        E       F      G
               +--------+--------+--------+--------+--------+-----+--------+
         Total |   8921 |   8606 |    315 |    141 |   6935 |  10 |  892.1 |
       Dungeon |   8919 |   8604 |    315 |    141 |   6935 |   9 |  991.0 |
        Temple |      1 |      1 |      0 |      0 |      0 |   1 |    1.0 |
               +--------+--------+--------+--------+--------+-----+--------+

Top non-repeatable levels by time:
     D:7: 1603 daAuts
     D:6: 1533 daAuts
     D:8: 1262 daAuts
     D:3: 1037 daAuts
     D:5: 1021 daAuts
     D:4: 944 daAuts
     D:1: 736 daAuts
     D:2: 637 daAuts
     D:9: 142 daAuts
  Temple: 1 daAuts
